 Dungeon Crawl Stone Soup version 0.31.0-9-g3a7656b989 (webtiles) character file.

Game seed: 8390823394069612163

217 qw the Skirmisher (level 5, 0/29 HPs)
             Began as a Deep Elf Hunter on Feb 2, 2024.
             Slain by an iguana (7 damage)
             ... on level 4 of the Dungeon.
             The game lasted 00:00:10 (2566 turns).

qw the Skirmisher (Deep Elf Hunter)                 Turns: 2566, Time: 00:00:11

Health: 0/29       AC:  8    Str: 10    XL:     5   Next: 61%
Magic:  7/7        EV: 11    Int: 14    God:
Gold:   227        SH:  0    Dex: 18    Spells: 4/4 levels left

rFire   + . .        a - +1 shortbow
rCold   . . .        (shield currently unavailable)
rNeg    . . .        b - +0 ring mail
rPois   .            (no helmet)
rElec   .            (no cloak)
rCorr   .            d - +0 pair of gloves
SInv    .            k - +1 pair of boots
Will    .....        (no amulet)
Stlth   +            e - ring of protection from fire
HPRegen 0.24/turn    (no ring)
MPRegen 0.10/turn

%: no passive effects
@: no status effects
A: no striking features
a: no special abilities


You were on level 4 of the Dungeon.
You visited 1 branch of the dungeon, and saw 4 of its levels.

You collected 227 gold pieces.


   Skills:
 + Level 1.5 Fighting
 - Level 9.2 Ranged Weapons
 - Level 2.4 Dodging
 - Level 1.2 Stealth


You had 4 spell levels left.
You didn't know any spells.
Your spell library was empty.

Inventory:

Hand Weapons
 a - a +1 shortbow (weapon)
Armour
 b - a +0 ring mail (worn)
 d - a +0 pair of gloves (worn)
 k - a +1 pair of boots (worn)
 n - the +1 robe "Wuloxt" {Dex+4 Slay+2}
   (You found it on level 4 of the Dungeon)

   Dex+4:     It affects your dexterity (+4).
   Slay+2:    It affects your accuracy & damage with ranged weapons and melee
   (+2).
Jewellery
 e - a ring of protection from fire (left hand)
Wands
 h - a wand of flame (21)
Potions
 c - a potion of cancellation {unknown}
 f - a potion of ambrosia {unknown}
 g - a potion of attraction {unknown}
 i - 3 potions of curing
 j - a potion of haste
 l - a potion of enlightenment
 m - a potion of degeneration {unknown}

Dungeon Overview and Level Annotations

Branches:
Dungeon (4/15)
 Temple: D:4-7

Altars:


Message History

You shoot an arrow. The arrow hits the orc wizard.
You kill the orc wizard!
You shoot an arrow. The arrow hits the orc!
You kill the orc!
Items here: )) [[.
Found a stone staircase leading up.
Found 5 stones.
i - 3 potions of curing (gained 1)
A goblin and a hound come into view.
The goblin shouts!
The hound barks!
You shoot an arrow. The arrow hits the hound!
The hound is heavily wounded.
You shoot an arrow. The arrow hits the hound.
The hound is severely wounded.
The hound barely misses you.
You shoot an arrow. The arrow hits the hound.
You kill the hound!
Your Ranged Weapons skill increases to level 9!
You shoot an arrow. The arrow hits the goblin.
You kill the goblin!
An iguana comes into view.
Things that are here:
a +0 dagger; a goblin corpse You shoot an arrow.
The iguana hisses angrily.
The arrow hits the iguana but does no damage.
You shoot an arrow. The arrow barely misses the iguana.
The iguana bites you.
You shoot an arrow.
The arrow hits the iguana but does no damage.
The iguana bites you.
You shoot an arrow. The arrow completely misses the iguana.
The iguana bites you!
You shoot an arrow. The arrow hits the iguana.
The iguana is lightly wounded.
The iguana bites you.
You shoot an arrow. The arrow hits the iguana.
The iguana is moderately wounded.
The iguana bites you!
You die...

#....# #....# .#..
#...####.#.# #...##.....
#...##.... ~~~..
#...##... ~~~.. #...##..
~~~.. #...##l#
~~...######...##@#######
(.......................
....##.........####### .
#..#.#######.# #...# ..#
#+####.### .## ....##.##
.. ....##..## ..
...<##...# ...


You could see an iguana.

Vanquished Creatures
  A hound (D:4)
  Ijyb (D:3)
  An orc wizard (D:4)
  4 adders
  A gnoll (D:1)
  2 dart slugs
  3 ribbon worms
  3 orcs
  3 endoplasms
  4 giant cockroaches
  11 goblins
  5 hobgoblins
  2 jackals (D:1)
  4 quokkas
  9 ball pythons
  5 bats
  6 frilled lizards
  10 kobolds
  3 rats
78 creatures vanquished.

Notes
Turn   | Place    | Note
-------+----------+-------------------------------------------
     0 | D:1      | qw the Deep Elf Hunter began the quest for the Orb.
     0 | D:1      | Reached XP level 1. HP: 12/12 MP: 3/3
     0 | D:1      | 0 ||| qw: Version: 0.3-a-155-g5e7d8dd
     0 | D:1      | 0 ||| qw: Game counter: 1327
     0 | D:1      | 0 ||| qw: Melee chars always use a shield: true
     0 | D:1      | 0 ||| qw: God list: Okawaru
     0 | D:1      | 0 ||| qw: Allow faded altars: false
     0 | D:1      | 0 ||| qw: Do Orc after clearing Dungeon:15 true
     0 | D:1      | 0 ||| qw: Do second Lair branch before Depths: true
     0 | D:1      | 0 ||| qw: Lair rune preference: random
     0 | D:1      | 0 ||| qw: Goals: Normal
     0 | D:1      | 0 ||| PLANNING D:1-11
    86 | D:1      | Found a faded altar of an unknown god.
    95 | D:1      | Reached XP level 2. HP: 16/16 MP: 4/4
   130 | D:1      | Reached skill level 6 in Ranged Weapons
   411 | D:1      | Reached XP level 3. HP: 20/20 MP: 5/5
   678 | D:1      | 678 ||| UPGRADING to +0 pair of boots.
   683 | D:1      | 683 ||| UPGRADING to ring of protection from fire.
   684 | D:1      | 684 ||| READING scroll labelled EFFE ID TEQYL.
   684 | D:1      | 684 ||| ENCHANTING +0 pair of boots.
   685 | D:1      | 685 ||| READING scroll labelled POAZILUOC.
   686 | D:1      | 686 ||| READING scroll labelled YNIRAOHINE.
   686 | D:1      | 686 ||| ENCHANTING +0 shortbow.
   687 | D:1      | 687 ||| READING scroll labelled DOEPRO VEEME.
   688 | D:1      | 688 ||| READING scroll labelled IRUOMA FAAMPIE.
   689 | D:1      | 689 ||| DRINKING 2 cyan potions.
   690 | D:1      | 690 ||| DROPPING scroll of butterflies.
   692 | D:1      | 692 ||| Stepping ~*~*~tactically~*~*~ (cloud).
   796 | D:2      | Reached skill level 7 in Ranged Weapons
  1170 | D:2      | Reached XP level 4. HP: 25/25 MP: 6/6
  1491 | D:2      | 1491 ||| UPGRADING to +0 ring mail.
  1501 | D:2      | 1501 ||| DROPPING +0 leather armour.
  1502 | D:2      | 1502 ||| UPGRADING to +0 pair of gloves.
  1507 | D:2      | 1507 ||| READING scroll labelled ROT RAOPEAMU.
  1648 | D:3      | Noticed Ijyb
  1661 | D:3      | Killed Ijyb
  1662 | D:3      | Reached skill level 8 in Ranged Weapons
  1910 | D:3      | Reached XP level 5. HP: 29/29 MP: 7/7
  2433 | D:3      | 2433 ||| DRINKING 2 bubbling yellow potions.
  2434 | D:3      | 2434 ||| DRINKING 2 brown potions.
  2504 | D:4      | Identified the +1 robe "Wuloxt" {Dex+4 Slay+2}
  2558 | D:4      | Reached skill level 9 in Ranged Weapons
  2565 | D:4      | HP: 7/29 [iguana (6)]
  2566 | D:4      | Slain by an iguana

Levels and vault maps discovered:
D:1:      minmay_arrival_five_plusses, layout_basic,
          shapermc_ecumenical_altar_notcrosses
D:2:      layout_basic, grunt_ministairs_8
D:3:      layout_basic, serial_curves, eino_curves_04, eino_curves_04, uniq_ijyb
D:4:      layout_basic, temple_pool_b, kennysheep_generic_room_3,
          uniq_blork_the_orc

Skill      XL: |  1  2  3  4  5 |
---------------+----------------+-----
Ranged Weapons | 6 7 8 9 |  9.2
Fighting       | |  1.5
Dodging        | |  2.4
Stealth        | |  1.2

Action                     |  1- 3 |  4- 6 || total
---------------------------+-------+-------++-------
   Fire: Shortbow          |   123 |   111 ||   234
    Use: Scroll            |     5 |     1 ||     6
         Potion            |     1 |     2 ||     3
 Armour: Leather armour    |    20 |     5 ||    25
         Ring mail         |       |    18 ||    18
  Dodge: Dodged            |    28 |    16 ||    44

Table legend:
 A = Non-vault XP
 B = Vault XP
 C = Vault XP percentage of total XP
 D = Non-vault monster count
 E = Vault monster count
 F = Vault count percentage of total count
                 A         B        C        D         E       F
            +---------+---------+-------+---------+---------+-------
      Total |     270 |      40 |  12.9 |      75 |       3 |   3.8
            +---------+---------+-------+---------+---------+-------
        D:1 |      57 |       0 |   0.0 |      26 |       0 |   0.0
        D:2 |      66 |       2 |   2.9 |      25 |       2 |   7.4
        D:3 |      49 |      38 |  43.7 |      18 |       1 |   5.3
        D:4 |      98 |       0 |   0.0 |       6 |       0 |   0.0
            +---------+---------+-------+---------+---------+-------
